 Dungeon Crawl Stone Soup version 0.30-a0-4-ga7cffc901d (webtiles) character file.

Game seed: 18043439007008780614

528 wingedge the Firebug (level 7, -5/55 HPs)
             Began as a Hill Orc Fire Elementalist on Aug 21, 2022.
             Was a Believer of Sif Muna.
             Slain by Duvessa
             ... wielding a +0 short sword
              (12 damage)
             ... on level 4 of the Dungeon.
             The game lasted 00:26:50 (4849 turns).

wingedge the Firebug (Hill Orc Fire Elementalist)   Turns: 4849, Time: 00:26:51

Health: -5/55      AC:  2    Str: 11    XL:     7   Next: 23%
Magic:  3/11       EV: 11    Int: 17    God:    Sif Muna [**....]
Gold:   207        SH:  4    Dex: 11    Spells: 6/12 levels left

rFire   . . .      SeeInvis .    a - +7 hand axe of Day {holy, rElec rPois rC+}
rCold   + + .      Faith    .    m - +0 buckler
rNeg    . . .      Spirit   .    d - +0 robe
rPois   +          Reflect  .    (no helmet)
rElec   +          Harm     .    (no cloak)
rCorr   .          Rampage  .    (no gloves)
Will    .....                    (no boots)
Stlth   ++........               (no amulet)
HPRegen 0.18/turn                u - ring of protection from cold
MPRegen 0.12/turn                (no ring)

@: no status effects
A: no striking features
a: Renounce Religion, Channel Magic


You were on level 4 of the Dungeon.
You worshipped Sif Muna.
Sif Muna was pleased with you.
You visited 1 branch of the dungeon, and saw 4 of its levels.

You collected 207 gold pieces.

Inventory:

Hand Weapons
 a - the +7 hand axe of Day (weapon) {holy, rElec rPois rC+}
   (You found it on level 3 of the Dungeon)

   It has been blessed by the Shining One to cause great damage to the undead
   and demons.
   rC:        It protects you from cold.
   rElec:     It insulates you from electricity.
   rPois:     It protects you from poison.
Armour
 d - a +0 robe (worn)
 m - a +0 buckler (worn)
 o - a +0 ring mail
 t - a +0 leather armour
Jewellery
 u - a ring of protection from cold (left hand)
Wands
 r - a wand of roots (9) (quivered)
Scrolls
 c - 2 scrolls of teleportation
 f - a scroll of amnesia {unknown}
 h - 2 scrolls of fog {unknown}
 l - 2 scrolls of fear
 p - 2 scrolls of enchant weapon {unknown}
 q - a scroll of torment {unknown}
 w - a scroll of noise {unknown}
 x - 2 scrolls of blinking {unknown}
Potions
 b - 2 potions of berserk rage {unknown}
 e - a potion of invisibility
 g - 3 potions of flight
 i - a potion of curing
 j - a potion of attraction {unknown}
 k - a potion of heal wounds {unknown}
 n - 5 potions of brilliance {unknown}
 s - 4 potions of magic


   Skills:
 - Level 2.0 Fighting
 - Level 1.0 Short Blades
 - Level 2.0 Axes
 - Level 2.0 Dodging
 - Level 2.0 Stealth
 - Level 2.0 Shields
 - Level 3.0 Spellcasting
 - Level 3.0 Conjurations
 - Level 2.0 Hexes
 + Level 4.9 Fire Magic
 - Level 1.0 Invocations


You had 6 spell levels left.
You knew the following spells:

 Your Spells              Type           Power      Damage    Failure   Level
a - Foxfire               Conj/Fire      64%        2x1d7     4%          1
b - Scorch                Fire           38%        2d6       4%          2
c - Inner Flame           Hex/Fire       14%        N/A       17%         3

Your spell library contained the following spells:

 Spells                   Type           Power      Damage    Failure   Level
 Conjure Flame            Conj/Fire      16%        6-21      14%         3
 Beastly Appendage        Tmut           4%         N/A       22%         1
 Wereblood                Tmut           2%         N/A       34%         2
 Flame Wave               Conj/Fire      16%        2d7       41%         4
 Spider Form              Tmut/Pois      2%         N/A       56%         3


Dungeon Overview and Level Annotations

Branches:
Dungeon (4/15)
 Temple: D:4-7

Altars:
Elyvilon
Makhleb
Sif Muna
Vehumet

Annotations:
D:4 Dowan, Duvessa


Message History

Duvessa hits you with a +0 short sword.
You closely miss Duvessa.
Duvessa is heavily wounded.
Duvessa hits you with a +0 short sword. Duvessa misses you.
You slash Duvessa!
Duvessa is severely wounded.
Duvessa closely misses you.
Dowan says, "My weaknesses are her strengths!"
You completely miss Duvessa.
Duvessa is severely wounded.
You block Duvessa's attack.
You hit Duvessa but do no damage.
Duvessa is severely wounded.
Duvessa hits you with a +0 short sword!
You slash Duvessa!
Duvessa is almost dead.
Duvessa hits you with a +0 short sword! Duvessa barely misses you.
You hit Duvessa.
Duvessa is almost dead.
Duvessa hits you with a +0 short sword!
You hit Duvessa but do no damage.
Duvessa is almost dead.
Duvessa barely misses you.
You hit Duvessa.
Duvessa is almost dead.
Duvessa hits you with a +0 short sword!
* * * LOW HITPOINT WARNING * * *
You barely miss Duvessa.
Duvessa is almost dead.
Duvessa hits you with a +0 short sword!
* * * LOW HITPOINT WARNING * * *
Duvessa barely misses you.
You feel better. Duvessa hits you with a +0 short sword!
* * * LOW HITPOINT WARNING * * *
Dowan points at Duvessa and mumbles some strange words.
Duvessa seems to speed up.
You closely miss Duvessa.
Duvessa is almost dead.
Duvessa hits you with a +0 short sword!
You die...

#..†)....# #....<......
#..e)....# #...........
#..).....# #...........
#...e....# #...........
#........# #....)..###'
#[.......# #...........
#..).....# #...........
####'##### ##...........
#.ee@.# ##.)..........
#####'###....)....###'
#........###'#######.
#........# #.........
#........# #.########
#........# #...######
#####.## #........#
#...##....
##...#....###........#
#..)##.... ..#.#
#............###...)#....


You could see Duvessa (fast) and Dowan.

Vanquished Creatures
  A phantom (D:4)
  A gnoll sergeant (D:4)
  A hound (D:4)
  Terence (D:2)
  Natasha (twice) (D:4)
  An orc wizard (D:4)
  13 gnolls
  5 adders
  A white imp (D:3)
  A worm (D:3)
  4 dart slugs
  6 orcs
  3 ball pythons
  5 bats
  3 endoplasms (D:1)
  2 giant cockroaches
  10 hobgoblins
  4 jackals (D:2)
  5 kobolds
  2 quokkas
  3 frilled lizards
  4 goblins
  3 rats
81 creatures vanquished.

Vanquished Creatures (others)
  229 foxfires
  7 plants (D:1)
  6 withered plants (D:1)
242 creatures vanquished.

Grand Total: 323 creatures vanquished

Notes
Turn   | Place    | Note
-------+----------+-------------------------------------------
     0 | D:1      | wingedge the Hill Orc Fire Elementalist began the quest for
                  | the Orb.
     0 | D:1      | Reached XP level 1. HP: 14/14 MP: 3/3
   114 | D:1      | Reached XP level 2. HP: 20/20 MP: 0/5
  1375 | D:1      | Found a faded altar of an unknown god.
  1393 | D:1      | Prayed at the altar of an unknown god.
  1393 | D:1      | Became a worshipper of Sif Muna the Loreminder
  1393 | D:1      | Reached * piety under Sif Muna
  1446 | D:2      | Found a radiant altar of Vehumet.
  1518 | D:2      | Noticed Terence
  1523 | D:2      | Reached XP level 3. HP: 26/26 MP: 3/6
  1537 | D:2      | Killed Terence
  1538 | D:2      | Reached skill level 1 in Fighting
  1538 | D:2      | Reached skill level 1 in Invocations
  1809 | D:2      | Learned a level 2 spell: Scorch
  1901 | D:2      | Reached XP level 4. HP: 36/36 MP: 0/7
  2293 | D:2      | Reached skill level 1 in Axes
  2392 | D:2      | Identified the +2 dagger of Departure {vamp, rPois Str-5
                  | Dex+10}
  2603 | D:2      | Reached XP level 5. HP: 41/41 MP: 4/8
  3153 | D:3      | Reached skill level 1 in Short Blades
  3491 | D:3      | Reached skill level 1 in Hexes
  3534 | D:3      | Learned a level 3 spell: Inner Flame
  3600 | D:3      | Found a burning altar of Makhleb.
  3609 | D:3      | Identified the +7 hand axe of Day {holy, rElec rPois rC+}
  3682 | D:3      | Found a white marble altar of Elyvilon.
  3721 | D:3      | Reached ** piety under Sif Muna
  3982 | D:4      | Reached skill level 1 in Shields
  4050 | D:4      | Reached XP level 6. HP: 48/48 MP: 5/9
  4052 | D:4      | Noticed Natasha
  4231 | D:4      | Noticed Dowan
  4346 | D:4      | Killed Natasha
  4426 | D:4      | Reached skill level 4 in Fire Magic
  4765 | D:4      | Noticed Natasha
  4770 | D:4      | Killed Natasha
  4771 | D:4      | Reached XP level 7. HP: 55/55 MP: 6/11
  4820 | D:4      | Noticed Duvessa
  4849 | D:4      | Slain by Duvessa

Illustrated notes

Levels and vault maps discovered:
D:1:      shiori_arrival_whats_in_store_for_you, layout_loops_corners,
          shapermc_ecumenical_altar_flowoftime, minmay_bisected
D:2:      layout_basic, basic_altar, uniq_terence
D:3:      layout_rooms, elyvilon_altar_4, overflow_temple_1_default
D:4:      layout_basic, uniq_natasha, uniq_duvessa

Skill      XL: |  1  2  3  4  5  6 |
---------------+-------------------+-----
Spellcasting   | 2 3 |  3.0
Conjurations   | 2 3 |  3.0
Dodging        | 2 |  2.0
Fighting       | 2 |  2.0
Invocations    | 1 |  1.0
Axes           | 1 2 |  2.0
Short Blades   | 1 |  1.0
Stealth        | 2 |  2.0
Hexes          | 2 |  2.0
Shields        | 1 2 |  2.0
Fire Magic     | 4 |  4.9

Action                   |  1- 3 |  4- 6 |  7- 9 || total
-------------------------+-------+-------+-------++-------
Melee: Hand axe          |    28 |    33 |    14 ||    75
       Dagger            |       |     9 |       ||     9
 Cast: Foxfire           |    48 |    73 |     8 ||   129
       Scorch            |       |    18 |     1 ||    19
       Inner Flame       |       |       |     1 ||     1
Evoke: Wand              |       |     1 |       ||     1
  Use: Scroll            |     3 |     2 |       ||     5
       Potion            |     1 |     3 |     1 ||     5
 Stab: Distracted        |       |     1 |       ||     1
Armor: Robe              |     1 |     6 |       ||     7
Dodge: Dodged            |    17 |    35 |     6 ||    58
Block: Buckler           |       |     1 |     4 ||     5

Table legend: (Time is in decaauts)
 A = Elapsed time spent in this place.
 B = Non-inter-level travel time spent in this place.
 C = Inter-level travel time spent in this place.
 D = Time resting spent in this place.
 E = Time spent auto-exploring this place.
 F = Levels seen in this place.
 G = Mean time per level.
                   A        B        C        D        E       F      G
               +--------+--------+--------+--------+--------+-----+--------+
         Total |   4863 |   4465 |    398 |   1785 |    181 |   4 | 1215.8 |
       Dungeon |   4863 |   4465 |    398 |   1785 |    181 |   4 | 1215.8 |
               +--------+--------+--------+--------+--------+-----+--------+

Top non-repeatable levels by time:
     D:2: 1826 daAuts
     D:1: 1446 daAuts
     D:4: 822 daAuts
     D:3: 767 daAuts
